Map: Orbital Shipyard

Players

Caramba

  • Race: Zerg Zerg
  • League: Gold

capac - Winner!

  • Race: Terran Terran
  • League: Gold

VOD

Have the link to the VOD?

Description

Time

  • Played on: March 5, 2016, 10:54 a.m.
  • Length: 22:03
Show
View Real Time Build Order
Export as new Build Order

Caramba Zerg 

Build Orders: Hatch First 

Get SALT Encoding   

  12  0:07  Drone  
  13  0:15  Overlord  
  13  0:17  Drone  
  14  0:38  Drone x2  
  14  0:40  Drone  
  17  0:51  Drone  
  18  0:59  Hatchery  
  18  1:01  Extractor  
  18  1:02  Drone  
  17  1:13  Drone  
  18  1:24  Drone  
  19  1:36  Spawning Pool  
  19  1:38  Drone  
  19  1:49  Overlord  
  19  1:55  Drone  
  20  2:09  Drone  
  21  2:17  Drone x2  
  23  2:23  Queen x2  
  23  2:25  Zergling x2  
  23  2:29  Zergling x2  
  29  2:33  Metabolic Boost  
  29  2:42  Drone  
  29  2:43  Drone  
  31  2:54  Drone x2  
  33  2:59  Queen  
  35  3:16  Queen, Baneling Nest  
  35  3:19  Overlord  
  36  3:20  Overlord  
  36  3:24  Extractor  
  36  3:26  Extractor  
  34  3:33  Zergling x4  
  36  3:34  Overlord  
  36  3:56  Drone x4  
  36  3:57  Drone x4  
  44  4:07  Drone x2  
  46  4:14  Drone x2  
  48  4:24  Drone x2  
  48  4:30  Drone x3  
  53  4:41  Drone  
  53  4:42  Drone x2  
  53  4:43  Drone x2  
  58  4:57  Hatchery  
  57  5:06  Overlord, Drone x3  
  57  5:07  Overlord x2  
  60  5:09  Overlord  
  60  5:21  Spore Crawler  
  59  5:28  Extractor, Lair  
  58  5:31  Spore Crawler  
  58  5:33  Evolution Chamber  
  56  5:37  Evolution Chamber  
  56  5:38  Drone  
  56  5:39  Drone x2  
  56  5:41  Drone x3  
  61  5:55  Drone x2  
  63  6:08  Extractor  
  63  6:09  Zerg Ground Armor Level 1, Zerg Melee Weapons Level 1  
  63  6:11  Extractor  
  61  6:26  Spire  
  60  6:46  Baneling  
  60  6:47  Baneling x5  
  60  6:56  Drone x2  
  60  6:57  Drone x7  
  67  7:26  Zergling x20  
  75  7:32  Zergling x2  
  75  7:33  Zergling x2  
  77  7:41  Mutalisk x3  
  83  7:52  Hatchery  
  82  8:07  Mutalisk  
  82  8:08  Overlord  
  82  8:09  Overlord x3  
  84  8:28  Baneling x4  
  84  8:29  Baneling  
  84  8:33  Drone x5  
  89  8:55  Mutalisk x4  
  96  9:14  Spine Crawler  
  95  9:20  Spine Crawler  
  94  9:33  Mutalisk  
  94  9:34  Mutalisk x8  
  112  9:39  Zerg Melee Weapons Level 2  
  112  9:40  Zerg Ground Armor Level 2  
  112  9:44  Queen, Infestation Pit  
  113  10:27  Baneling x2  
  113  10:28  Baneling x6  
  113  10:29  Baneling x2  
  113  10:31  Overlord  
  113  10:32  Overlord x5  
  113  10:51  Zergling x2  
  113  10:52  Zergling x18  
  123  11:07  Hive  
  123  11:10  Zerg Flyer Weapons Level 1  
  113  11:38  Mutalisk x2  
  113  11:39  Mutalisk x13  
  119  11:48  Drone x3  
  122  12:09  Mutalisk x5  
  132  12:17  Baneling x4  
  132  12:18  Baneling x3  
  132  12:19  Hatchery, Extractor  
  132  12:22  Extractor  
  129  12:46  Ultralisk Cavern  
  129  12:48  Zerg Melee Weapons Level 3  
  75  13:13  Zergling x18  
  75  13:14  Zergling x8  
  88  13:34  Baneling  
  88  13:35  Baneling x2  
  88  13:47  Corruptor x10  
  108  14:07  Drone  
  108  14:08  Drone x8  
  117  14:24  Overseer  
  117  14:37  Zergling x2  
  117  14:38  Zergling x26  
  131  14:42  Baneling x6  
  131  14:43  Baneling  
  98  15:18  Corruptor x2  
  98  15:19  Corruptor x11  
  107  15:42  Corruptor x7  
  105  15:43  Extractor  
  105  15:44  Hatchery  
  105  15:46  Baneling x3  
  105  15:47  Baneling  
  105  15:48  Extractor  
  114  16:02  Corruptor x3  
  117  16:14  Ultralisk  
  103  16:37  Zergling x6  
  103  16:38  Zergling x18  
  103  16:45  Ultralisk  
  103  16:46  Ultralisk x2  
  107  17:05  Ultralisk  
  110  17:19  Hatchery, Extractor  
  110  17:21  Extractor  
  79  17:40  Ultralisk  
  79  17:41  Ultralisk  
  91  17:47  Zerg Flyer Armor Level 1  
  91  18:04  Drone x3  
  91  18:05  Drone x6  
  100  18:08  Hatchery  
  100  18:12  Drone x4  
  103  18:16  Drone x2  
  105  18:24  Ultralisk x2  
  117  18:50  Ultralisk x2  
  117  18:51  Corruptor  
  131  19:09  Chitinous Plating  
  131  19:24  Queen  
  131  19:26  Queen  
  135  19:50  Corruptor x3  
  135  19:51  Corruptor x2  
  143  20:21  Ultralisk  
  143  20:22  Ultralisk  
  143  20:27  Extractor  
  143  20:28  Hatchery  
  153  20:31  Extractor  
  153  20:33  Overlord x6  
  153  20:34  Overlord  
  152  20:36  Ultralisk  
  158  20:48  Greater Spire  
  158  21:09  Zergling x4  
Show
View Real Time Build Order
Export as new Build Order

capac Terran - Winner!

Build Orders: MMM Bio 

Get SALT Encoding   

  12  0:00  SCV  
  13  0:13  SCV  
  14  0:19  Supply Depot  
  14  0:25  SCV  
  15  0:40  SCV  
  16  0:42  Barracks  
  16  0:46  Refinery  
  16  0:52  SCV  
  17  1:04  SCV  
  18  1:16  SCV  
  19  1:29  SCV  
  19  1:30  Barracks Reactor  
  20  1:38  Command Center  
  20  1:41  SCV  
  21  1:48  Supply Depot  
  22  1:57  Orbital Command  
  21  2:12  Marine x2  
  23  2:16  Barracks  
  23  2:28  SCV  
  24  2:33  Marine  
  24  2:34  Marine  
  26  2:37  Factory  
  26  2:44  SCV  
  27  2:47  Refinery  
  27  2:54  Marine x2  
  29  3:05  Barracks Tech Lab  
  29  3:09  SCV  
  29  3:11  Orbital Command  
  30  3:17  Marine x2  
  32  3:25  Starport, Factory Reactor  
  32  3:35  Marine x2  
  32  3:36  Marine  
  32  3:38  SCV x2  
  37  3:50  Refinery, SCV  
  37  3:54  Marine x2  
  37  3:55  Marine  
  41  3:57  Stimpack  
  41  4:05  SCV x2  
  43  4:18  Barracks  
  43  4:20  Medivac  
  43  4:23  Barracks  
  45  4:25  Marine  
  45  4:31  Supply Depot  
  46  4:40  Factory Tech Lab  
  46  4:49  Barracks  
  46  4:52  Marine x2, SCV x2, Medivac  
  52  4:53  Engineering Bay  
  52  4:54  Engineering Bay  
  51  5:01  Supply Depot  
  51  5:04  Marine, SCV x2  
  54  5:07  Barracks Reactor  
  54  5:21  Terran Infantry Weapons Level 1  
  54  5:23  Terran Infantry Armor Level 1, SCV x2  
  56  5:41  Marine x3, Missile Turret  
  56  5:42  Barracks Reactor  
  59  5:44  SCV  
  59  5:45  SCV  
  59  5:46  Refinery  
  61  5:52  Supply Depot  
  61  5:55  Siege Tank  
  64  6:00  Combat Shields  
  64  6:02  Marine x4  
  68  6:05  Marine  
  68  6:06  Liberator  
  69  6:14  Medivac  
  74  6:26  Marine x4  
  74  6:27  Supply Depot  
  78  6:45  Armory  
  78  6:48  Marine, SCV x2  
  78  6:53  Supply Depot  
  81  6:57  Siege Tank, Liberator  
  81  7:00  SCV x2  
  86  7:14  SCV x2  
  91  7:20  Liberator  
  82  7:35  Marine x5  
  82  7:36  Siege Tank  
  93  7:44  Terran Infantry Weapons Level 2  
  93  7:48  Command Center  
  93  7:52  SCV  
  94  8:11  Terran Infantry Armor Level 2  
  94  8:20  Supply Depot  
  94  8:22  Supply Depot  
  94  8:41  Marine x5, Medivac  
  94  8:42  SCV  
  94  8:43  Marine x2  
  94  8:46  Siege Tank  
  107  8:51  Terran Ship Weapons Level 1  
  107  8:53  Supply Depot  
  107  8:54  Supply Depot  
  107  8:59  Marine x3  
  107  9:01  SCV x2  
  112  9:06  Marine  
  112  9:07  Marine x3  
  116  9:12  Liberator x2  
  122  9:32  Marine x2  
  122  9:33  Marine x2  
  122  9:34  Marine x2  
  128  9:43  Barracks  
  128  9:58  Supply Depot, Starport  
  128  10:07  Missile Turret x3  
  128  10:09  Missile Turret  
  128  10:12  Missile Turret  
  128  10:17  Liberator x2, Missile Turret  
  128  10:31  Marine x3  
  128  10:32  Marine x4  
  141  10:36  Starport Reactor  
  141  10:39  Barracks Tech Lab  
  141  10:42  Barracks, Terran Infantry Weapons Level 3  
  141  10:49  Siege Tank  
  144  10:58  Supply Depot  
  144  11:03  Supply Depot  
  144  11:04  Terran Infantry Armor Level 3  
  144  11:32  Liberator x2  
  141  11:39  SCV x2  
  143  11:44  Marine x4  
  143  11:45  Marine x3  
  143  11:46  Missile Turret  
  150  11:51  SCV x2  
  158  11:54  Barracks Tech Lab  
  158  12:00  Liberator x2  
  164  12:25  Orbital Command, Command Center  
  164  12:39  Refinery  
  164  12:42  Refinery  
  98  13:10  Marine x4  
  98  13:11  Marine x4  
  103  13:15  Marine  
  104  13:22  Medivac x2  
  104  13:23  Medivac x2  
  112  13:28  Marine x5  
  112  13:29  Marine x3  
  120  13:53  Liberator x2  
  120  14:01  Marine x2  
  120  14:02  Marine x7  
  127  14:05  Missile Turret  
  127  14:06  Missile Turret  
  129  14:10  Missile Turret  
  135  14:19  Marine x3, Planetary Fortress  
  135  14:20  Marine x6  
  144  14:37  Marine x4  
  148  14:55  Liberator x3  
  140  15:09  Marine x7  
  140  15:10  Marine x2  
  125  15:26  Marine  
  125  15:27  Marine  
  124  15:33  Marine  
  124  15:34  Marine x6  
  131  15:40  SCV x2  
  133  15:44  Marine x2  
  135  15:51  Marine x2  
  135  15:52  SCV x2  
  133  15:57  Marine  
  133  15:58  Marine x4  
  133  16:02  Marine x2  
  140  16:09  Marine x2  
  142  16:17  SCV x3  
  145  16:24  Liberator  
  145  16:25  Liberator x2  
  145  16:29  SCV x2  
  141  17:18  Marine x4  
  141  17:21  Liberator x4  
  130  17:34  Marine  
  130  17:35  Marine x5  
  130  17:36  Marine x3  
  126  17:52  Marine  
  126  17:53  Marine x6  
  133  18:10  Marine x4  
  133  18:11  Marauder x3, Marine x2  
  145  18:26  Refinery x2  
  145  18:27  Marine  
  145  18:28  Marine x3  
  145  18:29  Marine x2  
  145  18:32  Marauder  
  145  18:33  Marauder x2  
  157  18:37  Medivac x3  
  163  18:45  Marine x2  
  163  18:46  Marine x2  
  163  18:47  Marine x2  
  169  18:54  Marauder x3  
  175  19:03  Marine x2, Command Center  
  175  19:04  Marine  
  175  19:07  Liberator  
  178  19:13  Liberator x3  
  178  19:15  Marauder x2  
  178  19:16  Marauder  
  196  19:37  Marauder  
  198  20:38  Orbital Command  
  198  20:42  Command Center  
Tags
 
Composition
MMM Bio
League
GoldGold
Matchup
TvZ
Add a new tag
Caveats
  • Supply blocks, unpowered buildings, or Contaminate may cause inaccurate times.
  • Supply counts are checked every 10 seconds.